 Seeded DCSS version 0.27-a0-1308-gc08437e49b (webtiles) character file.

Game seed: 12222999867958325445 (custom seed)

64 flotson the Sneak (level 3, -1/29 HPs)
             Began as a Demonspawn Delver on June 18, 2021.
             Succumbed to a scorpion's poison
             ... on level 4 of the Dungeon.
             The game lasted 00:03:05 (1805 turns).

flotson the Sneak (Demonspawn Delver)               Turns: 1805, Time: 00:03:06

Health: -1/29      AC:  6    Str: 13    XL:     3   Next: 91%
Magic:  3/3        EV:  9    Int: 11    God:
Gold:   36         SH:  4    Dex: 14    Spells: 2/2 levels left

rFire    . . .     SeeInvis .   j - +2 whip (elec)
rCold    . . .     Faith    .   (no shield)
rNeg     . . .     Spirit   .   i - +0 scale mail
rPois    .         Reflect  .   (no helmet)
rElec    .         Harm     .   (no cloak)
rCorr    .         Rampage  .   (no gloves)
Will     .....                  (no boots)
Stlth    +.........             (no amulet)
HPRegen  0.09/turn              (no ring)
MPRegen  0.08/turn              (no ring)

@: mighty, lethally poisoned (-1 -> -16)
A: condensation shield
a: no special abilities


You were on level 4 of the Dungeon.
You visited 1 branch of the dungeon, and saw 2 of its levels.
You also visited: Sewer.

You collected 36 gold pieces.

Inventory:

Hand Weapons
 a - a +0 falchion
 j - a +2 whip of electrocution (weapon)
Armour
 i - a +0 scale mail (worn)
Wands
 g - a wand of digging (3)
Scrolls
 c - a scroll of fog
 d - a scroll of magic mapping
 e - a scroll of fear
 m - a scroll of blinking {unknown}
Potions
 b - a potion of magic
 f - a potion of haste
 h - 4 potions of might
 k - a potion of curing {unknown}
 l - a potion of brilliance {unknown}


   Skills:
 + Level 3.5 Fighting
 + Level 2.4 Long Blades
 + Level 1.4 Armour
 + Level 2.4 Dodging
 - Level 4.5 Stealth


You had 2 spell levels left.
You didn't know any spells.
Your spell library was empty.

Dungeon Overview and Level Annotations

Branches:
Dungeon (5/15)              Sewer (visited)
 Temple: D:4-7

Altars:

Annotations:
D:5 3 runed translucent doors


Innate Abilities, Weirdness & Mutations

A meltable shield of frost defends you. (SH +4)


Message History

There is a gate leading back out of this place here.
There is a collapsed entrance here.
You enter the shallow water.
Moving in this stuff is going to be slow.
There is a stone staircase leading down here.
A scorpion comes into view.
You hit the scorpion.
The scorpion is lightly wounded.
The scorpion barely misses you.
You hit the scorpion.
The scorpion is moderately wounded.
The scorpion stings you. The scorpion stings you!
You hit the scorpion.
The scorpion is heavily wounded.
You block the scorpion's attack.
You hit the scorpion.
The scorpion is heavily wounded.
The scorpion barely misses you.
You hit the scorpion but do no damage.
The scorpion is heavily wounded.
The scorpion closely misses you. The scorpion stings you.
You are poisoned.
The scorpion poisons you!
You are too injured to fight recklessly!
You hit the scorpion.
The scorpion is heavily wounded.
You feel sick.
The scorpion stings you but does no damage.
You closely miss the scorpion.
The scorpion is heavily wounded.
You feel sick. The scorpion stings you.
* * * LOW HITPOINT WARNING * * *
It was a potion of might.
You feel very mighty all of a sudden.
You feel sick. The scorpion stings you.
* * * LOW HITPOINT WARNING * * *
You are more poisoned.
The scorpion poisons you!
It was a potion of magic.
Magic courses through your body.
You die...

### #.. #.# #.#
#.# #.# #s#
#@#######
.######........
........#.#####
#######..##
#####.##
#.....##
#......#
######.# #.#


You could see a scorpion.

Vanquished Creatures
  4 adders
  A dart slug (D:4)
  An endoplasm (D:4)
  A goblin (D:4)
  7 jackals (Sewer)
  4 ball pythons
  3 frilled lizards (Sewer)
  8 kobolds
29 creatures vanquished.

Vanquished Creatures (others)
  13 plants (Sewer)
13 creatures vanquished.

Grand Total: 42 creatures vanquished

Notes
Turn   | Place    | Note
-------+----------+-------------------------------------------
     0 | D:5      | flotson the Demonspawn Delver began the quest for the Orb.
     0 | D:5      | Reached XP level 1. HP: 18/18 MP: 1/1
    39 | D:5      | Noticed a centaur
    95 | D:5      | Noticed a wyvern simulacrum
   103 | D:5      | Found a runed translucent gate.
   103 | D:5      | Found a runed translucent gate.
   103 | D:5      | Found a runed translucent gate.
   268 | D:4      | Gained mutation: A meltable shield of frost defends you.
                  | (SH +4) [demonic ancestry]
   268 | D:4      | Reached XP level 2. HP: 9/24 MP: 2/2
   269 | D:4      | Found a glowing drain.
   444 | Sewer    | Entered a sewer
   560 | Sewer    | Reached skill level 1 in Armour
   864 | Sewer    | Reached XP level 3. HP: 29/29 MP: 3/3
  1794 | D:4      | Noticed a scorpion
  1805 | D:4      | Succumbed to a scorpion's poison

Illustrated notes

Levels and vault maps discovered:
D:4:      layout_loops_ring, portal_sewer_entry_d, uniq_menkaure
D:5:      old_forge, layout_basic, temple_fountains, gammafunk_ghost_icy,
          guppyfry_early_lair_pool

Skill      XL: |  1  2 |
---------------+-------+-----
Long Blades    | 2 |  2.4
Dodging        | 2 |  2.4
Armour         | 1 |  1.4
Fighting       | |  3.5
Stealth        | |  4.5

Action                   || total
-------------------------++-------
Melee: Falchion          ||    47
       Whip              ||    86
  Use: Potion            ||     2
Armor: Scale mail        ||    40
Dodge: Dodged            ||    62
Block: Other             ||    15
       Rpst.: Falchion   ||    10

Table legend: (Time is in decaauts)
 A = Elapsed time spent in this place.
 B = Non-inter-level travel time spent in this place.
 C = Inter-level travel time spent in this place.
 D = Time resting spent in this place.
 E = Time spent auto-exploring this place.
 F = Levels seen in this place.
 G = Mean time per level.
                   A        B        C        D        E       F      G
               +--------+--------+--------+--------+--------+-----+--------+
         Total |   2012 |   2004 |      8 |    475 |   1027 |   3 |  670.7 |
       Dungeon |    574 |    566 |      8 |    276 |    141 |   2 |  287.0 |
         Sewer |   1437 |   1437 |      0 |    199 |    886 |   1 | 1437.0 |
               +--------+--------+--------+--------+--------+-----+--------+

Top non-repeatable levels by time:
   Sewer: 1437 daAuts
     D:4: 469 daAuts
     D:5: 105 daAuts
